 Dungeon Crawl Stone Soup version 0.25-a0-566-g062765b (webtiles) character file.

Game seed: 5671039104479875823, levelgen mode: deterministic

193 KoboldHunter the Cutter (level 6, -4/35 HPs)
             Began as a Kobold Enchanter on Feb 27, 2020.
             Killed by nerve-wracking pain
             ... invoked by an orc priest
              (12 damage)
             ... on level 4 of the Dungeon.
             The game lasted 00:16:39 (5096 turns).

KoboldHunter the Cutter (Kobold Enchanter)          Turns: 5096, Time: 00:16:39

Health: -4/35      AC:  7    Str:  5    XL:     6   Next: 3%
Magic:  0/9        EV: 15    Int: 18    God:
Gold:   154        SH:  0    Dex: 16    Spells: 6/9 levels left

rFire    . . .     SeeInvis .   v - +1 rapier (flame) {Bepis}
rCold    . . .     Gourm    .   (shield restricted)
rNeg     . . .     Faith    .   b - +0 robe
rPois    .         Spirit   .   h - +1 helmet
rElec    .         Reflect  .   (no cloak)
rCorr    .         Harm     .   e - +0 pair of gloves
MR       .....                  g - +1 pair of boots
Stlth    +++.......             (no amulet)
HPRegen  0.11/turn              (no ring)
MPRegen  0.11/turn              (no ring)

@: no status effects
A: small, carnivore
a: no special abilities


You were on level 4 of the Dungeon.
You were completely stuffed.

You visited 1 branch of the dungeon, and saw 4 of its levels.

You collected 154 gold pieces.

Inventory:

Hand Weapons
 a - a +1 dagger
 v - a +1 rapier of flaming (weapon) {Bepis}
Missiles
 s - 16 bolts
Armour
 b - a +0 robe (worn)
 e - a +0 pair of gloves (worn)
 g - a +1 pair of boots (worn)
 h - a +1 helmet (worn)
 u - a +3 ring mail
Scrolls
 c - 2 scrolls of teleportation {unknown}
 f - a scroll of magic mapping {unknown}
 i - a scroll of identify {unknown}
 j - a scroll of enchant armour {unknown}
 k - 3 scrolls of remove curse {unknown}
 m - a scroll of fog {unknown}
 q - a scroll of fear {unknown}
Potions
 l - a potion of mutation {unknown}
 n - a potion of lignification {unknown}
 p - a potion of berserk rage {unknown}
 r - a potion of heal wounds {unknown}
 t - a potion of curing {unknown}
Comestibles
 d - 2 rations
 o - 2 chunks of flesh


   Skills:
 * Level 2.2 Fighting
 * Level 5.0 Short Blades
 - Level 2.4 Dodging
 - Level 4.0 Stealth
 - Level 2.1 Spellcasting
 + Level 4.3 Hexes


You had 6 spell levels left.
You knew the following spells:

 Your Spells              Type           Power        Failure   Level  Hunger
a - Corona                Hex            ###....      3%          1    #......
b - Ensorcelled Hibernat  Hex/Ice        #.....       11%         2    ###....

Your spell library contained the following spells:

 Spells                   Type           Power        Failure   Level  Hunger
 Confusing Touch          Hex            ###.....     9%          3    ###....
 Tukima's Dance           Hex            ###.....     9%          3    ###....
 Dazzling Flash           Conj/Hex       #.....       22%         3    ###....


Dungeon Overview and Level Annotations

Branches:
Dungeon (4/15)
 Temple: D:4-7

Altars:
Nemelex Xobeh

Annotations:
D:2 1 runed translucent door, Crazy Yiuf, Sigmund


Innate Abilities, Weirdness & Mutations

You are small and have problems with some larger weapons.
You are carnivorous and can eat meat at any time.


Message History

Aim: an orc priest, wielding a +0 whip and wearing a +0 ring mail (severely wounded, chance to defeat MR: 40%)
The orc priest resists with some effort.
The orc priest closely misses you.
Casting: Ensorcelled Hibernation (safe; 11% risk of failure)
Confirm with . or Enter, or press ? or * to list all spells.
Aiming: Ensorcelled Hibernation (safe; 11% risk of failure)
Press: ? - help, Shift-Dir - straight line, f/p - orc priest
Aim: an orc priest, wielding a +0 whip and wearing a +0 ring mail (severely wounded, chance to defeat MR: 40%)
The orc priest resists with some effort.
The orc priest closely misses you.
You hit the orc priest but do no damage.
The orc priest is severely wounded.
The orc priest invokes the aid of Beogh against you.
Pain shoots through your body!
* * * LOW HITPOINT WARNING * * *
You barely miss the orc priest.
The orc priest is severely wounded.
The orc priest mumbles some strange prayers to Beogh against you.
Pain shoots through your body!
You die...

#...... ####.#
#.....###+###....## ....[....#
#.....#....#.....#. .........#
#.....#....#....... .........#
#.....+....#....#.. .........#
#.....#....'....#.. .........#
#.....#...##....##. .........#
#.....#...########.
.........######o@...#...##.....#.
....................#...##....##.
..o.................#....#....###
....................#....'.....+
...............######...##....##
...............#...##...##....#
...............#...##...##....#
...............'........#.....#
#..............#...##...#.....##


You could see an orc priest.

Vanquished Creatures
  Robin (D:2)
  8 adders
  An ooze (D:1)
  A worm (D:3)
  2 leopard geckos
  13 orcs
  A ball python (D:1)
  3 giant cockroaches
  15 goblins
  5 hobgoblins
  7 jackals
  6 kobolds
  2 quokkas
  7 bats
  4 frilled lizards (D:3)
  14 rats
90 creatures vanquished.

Notes
Turn   | Place    | Note
-------+----------+-------------------------------------------
     0 | D:1      | KoboldHunter the Kobold Enchanter began the quest for the
                  | Orb.
     0 | D:1      | Reached XP level 1. HP: 10/10 MP: 3/3
   233 | D:1      | Reached XP level 2. HP: 4/16 MP: 1/5
   520 | D:1      | Learned a level 2 spell: Ensorcelled Hibernation
  1241 | D:1      | Found a sparkling altar of Nemelex Xobeh.
  1288 | D:1      | Reached skill level 2 in Short Blades
  1510 | D:1      | Reached skill level 1 in Fighting
  1560 | D:1      | Reached XP level 3. HP: 18/20 MP: 1/6
  1797 | D:2      | Noticed Sigmund
  2496 | D:2      | Noticed Robin
  2519 | D:2      | Killed Robin
  2519 | D:2      | Reached XP level 4. HP: 24/25 MP: 2/7
  2532 | D:2      | Reached skill level 3 in Short Blades
  3317 | D:2      | Found a runed translucent door.
  3318 | D:2      | Noticed Crazy Yiuf
  3484 | D:3      | Reached XP level 5. HP: 28/30 MP: 8/8
  3492 | D:3      | Reached skill level 4 in Short Blades
  5078 | D:4      | Reached skill level 5 in Short Blades
  5078 | D:4      | Reached XP level 6. HP: 35/35 MP: 9/9
  5096 | D:4      | Killed from afar by an orc priest

Levels and vault maps discovered:
D:1:      elethiomel_arrival_diamonds, layout_rooms, serial_co_window_serial,
          co_window_corner_a, co_window_corner_a, co_window_of_opportunity_a,
          co_window_paths_b, co_window_paths_b, co_window_corner_b,
          co_window_2corner, co_window_paths_c, co_window_corner_ca,
          co_window_corner_b, co_window_corner_ca, co_window_of_opportunity_c,
          co_window_sun, co_window_paths_d, nemelex_diamond_rough_becter
D:2:      layout_basic, kennysheep_decorative_pillar, uniq_sigmund, uniq_robin,
          uniq_crazy_yiuf_cottage
D:3:      minmay_razor_zed, layout_rooms, grunt_decor_mini_mirrors
D:4:      layout_gridville, first_ration, okawaru_gym_becter

Skill      XL: |  1  2  3  4  5 |
---------------+----------------+-----
Short Blades   | 2 3 5 |  5.0
Fighting       | 1 2 |  2.2
Hexes          | 4 |  4.3
Dodging        | |  2.4
Stealth        | |  4.0
Spellcasting   | |  2.1

Action                   |  1- 3 |  4- 6 || total
-------------------------+-------+-------++-------
Melee: Dagger            |    92 |   212 ||   304
       Rapier            |       |    18 ||    18
 Cast: Corona            |     5 |    10 ||    15
       Ensorcelled Hiber |    18 |    30 ||    48
 Stab: Sleeping          |    16 |    22 ||    38
  Eat: Chunk             |    14 |    11 ||    25
Armor: Robe              |    25 |    35 ||    60
Dodge: Dodged            |   108 |   166 ||   274

Table legend:
 A = Non-vault XP
 B = Vault XP
 C = Vault XP percentage of total XP
 D = Non-vault monster count
 E = Vault monster count
 F = Vault count percentage of total count
                 A         B        C        D         E       F
            +---------+---------+-------+---------+---------+-------
      Total |     211 |      66 |  23.8 |      66 |      24 |  26.7
            +---------+---------+-------+---------+---------+-------
        D:1 |      33 |      13 |  28.3 |      17 |       9 |  34.6
        D:2 |      65 |      25 |  27.8 |      11 |       6 |  35.3
        D:3 |      76 |      28 |  26.9 |      31 |       9 |  22.5
        D:4 |      37 |       0 |   0.0 |       7 |       0 |   0.0
            +---------+---------+-------+---------+---------+-------
